 Dungeon Crawl Stone Soup version 0.21-a0-442-g848f44b (webtiles) character file.

363 slep the Slasher (level 6, 0/43 HPs)
             Began as a Demonspawn Monk on Nov 13, 2017.
             Slain by a gnoll
             ... wielding a +0 spear
              (4 damage)
             ... on level 4 of the Dungeon.
             The game lasted 00:12:18 (3152 turns).

slep the Slasher (Demonspawn Monk)                  Turns: 3152, Time: 00:12:18

Health: 0/43       AC:  6    Str: 15 (16) XL:     6   Next: 39%
Magic:  0/6        EV: 11    Int: 13      God:
Gold:   150        SH:  0    Dex: 18      Spells: 5/5 levels left

rFire    . . .     SeeInvis .   a - +0 falchion
rCold    . . .     Gourm    .   (no shield)
rNeg     . . .     Faith    .   d - +0 scale mail
rPois    .         Spirit   +   (helmet restricted)
rElec    .         Reflect  .   (no cloak)
rCorr    .         Harm     .   (no gloves)
MR       .....                  (no boots)
Stlth    +.........             (no amulet)
HPRegen  0.14/turn              u - +3 ring of strength
MPRegen  0.10/turn              (no ring)

@: no status effects
A: horns 2, clever 1, frail 1, strong 1, magic shield, MP-powered wands
a: no special abilities


You were on level 4 of the Dungeon.
You were hungry.

You visited 1 branch of the dungeon, and saw 4 of its levels.

You collected 150 gold pieces.

Inventory:

Hand Weapons
 a - a +0 falchion (weapon)
Missiles
 m - a throwing net (quivered)
Armour
 b - a +0 robe
 d - a +0 scale mail (worn)
Jewellery
 u - a +3 ring of strength (left hand)
Scrolls
 e - a scroll of recharging {unknown}
 g - a scroll of noise {unknown}
 h - 2 scrolls of remove curse {unknown}
 j - a scroll of identify {unknown}
 l - 2 scrolls of teleportation {unknown}
 n - a scroll of enchant armour {unknown}
 p - a scroll of amnesia {unknown}
Comestibles
 c - 3 bread rations
 f - a royal jelly
 k - 2 meat rations
 q - 4 fruits


   Skills:
 + Level 4.0 Fighting
 + Level 4.3 Long Blades
 + Level 2.8 Armour
 + Level 3.8 Dodging
 + Level 1.9 Stealth


You had 5 spell levels left.
You didn't know any spells.

Dungeon Overview and Level Annotations

Branches:
Dungeon (4/15)
 Temple: D:4-7

Altars:
Trog


Innate Abilities, Weirdness & Mutations

You have a pair of horns on your head.
When hurt, damage is shared between your health and your magic reserves.
Your mind is acute. (Int +2)
You are frail. (-10% HP)
Your muscles are strong. (Str +2)
You expend magic power (3 MP) to strengthen your wands.


Message History

The gnoll hits you from afar with a spear!
* * * LOW HITPOINT WARNING * * *
You hit the gnoll. You headbutt the gnoll.
The gnoll is almost dead.
The gnoll hits you but does no damage. The gnoll hits you with a spear.
* * * LOW HITPOINT WARNING * * *
You hit the gnoll.
You kill the gnoll!
The gnoll closely misses you. The gnoll hits you but does no damage.
Things that are here:
a spear; a gnoll corpse You hit the gnoll.
The gnoll is heavily wounded.
The gnoll hits you with a spear.
* * * LOW HITPOINT WARNING * * *
You completely miss the gnoll. Your headbutt misses the gnoll.
The gnoll is heavily wounded.
The gnoll hits you with a spear.
You die...

#....#.#........#..######.#
###.##.#.######.#.#..# #.#
#......#.#....#.# ...# #..
#.#.####.#.##.#.# ##.#
###### #.#......#.#....# ..
...... #.)........###..#
#..... #####...........#
#..... #...........# #.....
#......<@g..# ######
#...........# #.........#.#
#######.###)# #.###.###
#.......# #.......#
#.......# ######.###)#####


You could see a gnoll.

Vanquished Creatures
  A sky beast (D:3)
  A howler monkey (D:3)
  A hound (D:4)
  A gnoll shaman (D:4)
  4 gnolls
  5 adders (D:3)
  A worm (D:4)
  2 dart slugs
  3 leopard geckos
  3 orcs
  A ball python (D:3)
  4 giant cockroaches
  8 goblins
  6 hobgoblins
  10 jackals
  10 kobolds
  A quokka (D:3)
  10 bats
  4 frilled lizards
  A quokka skeleton (D:4)
  6 rats
83 creatures vanquished.

Notes
Turn   | Place    | Note
-------+----------+-------------------------------------------
     0 | D:1      | slep the Demonspawn Monk began the quest for the Orb.
     0 | D:1      | Reached XP level 1. HP: 18/18 MP: 1/1
    80 | D:1      | Gained mutation: You have a pair of small horns on your head. [demonic ancestry]
    80 | D:1      | Reached XP level 2. HP: 6/24 MP: 2/2
   639 | D:1      | Reached XP level 3. HP: 25/29 MP: 3/3
  1759 | D:3      | Gained mutation: When hurt, damage is shared between your health and your magic reserves. [demonic ancestry]
  1759 | D:3      | Reached XP level 4. HP: 33/36 MP: 4/4
  1858 | D:3      | Noticed a sky beast
  1865 | D:3      | Reached skill level 1 in Armour
  1902 | D:3      | Killed a sky beast
  1902 | D:3      | Gained mutation: You have a pair of horns on your head. [demonic ancestry]
  1902 | D:3      | Reached XP level 5. HP: 6/42 MP: 0/5
  1906 | D:3      | Gained mutation: Your mind is acute. (Int +2) [mutagenic meat]
  1907 | D:3      | Gained mutation: Your muscles are strong. (Str +2) [mutagenic meat]
  1908 | D:3      | Gained mutation: You expend magic power (3 MP) to strengthen your wands. [mutagenic meat]
  1909 | D:3      | Gained mutation: You are frail. (-10% HP) [mutagenic meat]
  2281 | D:3      | Found a bloodstained altar of Trog.
  2860 | D:4      | Reached XP level 6. HP: 31/43 MP: 3/6
  2994 | D:4      | HP: 2/43 [gnoll/spear (4)]
  3003 | D:3      | HP: 1/43 [howler monkey (2)]
  3152 | D:4      | Slain by a gnoll

Vault maps used:
D:1:      scummos_arrival_checkerplants, minmay_liquid_box,
          kennysheep_minor_cross
D:2:      first_bread, minmay_tall_x
D:3:      serial_glass, glass_columns_a, glass_columns_b, trog_book

Skill      XL: |  1  2  3  4  5  6 |
---------------+-------------------+-----
Dodging        | 3 |  3.8
Long Blades    | 3 4 |  4.3
Armour         | 1 2 |  2.8
Fighting       | 4 |  4.0
Stealth        | |  1.9

Action                   |  1- 3 |  4- 6 || total
-------------------------+-------+-------++-------
Melee: Falchion          |   110 |   140 ||   250
       Headbutt          |    15 |    24 ||    39
  Use: Potion            |       |     7 ||     7
  Eat: Chunk             |     3 |     8 ||    11
Armor: Scale mail        |    33 |    76 ||   109
Dodge: Dodged            |    70 |   116 ||   186
       Rpst.: Falchion   |    19 |    24 ||    43

Table legend:
 A = Spawn XP
 B = Non-spawn XP
 C = Spawn XP percentage of total XP
 D = Spawn monster count
 E = Non-spawn monster count
 F = Spawn count percentage of total count
 G = Total turns spent on level
                    A         B        C        D         E        F      G
               +---------+---------+-------+---------+---------+-------+---------
         Total |       0 |     519 |   0.0 |       0 |      83 |   0.0 |  3152
               +---------+---------+-------+---------+---------+-------+---------
           D:1 |       0 |      44 |   0.0 |       0 |      19 |   0.0 |   962
           D:2 |       0 |      43 |   0.0 |       0 |      24 |   0.0 |   792
           D:3 |       0 |     298 |   0.0 |       0 |      32 |   0.0 |  1138
           D:4 |       0 |     134 |   0.0 |       0 |       8 |   0.0 |   260
               +---------+---------+-------+---------+---------+-------+---------
